 Dungeon Crawl Stone Soup version 0.27-a0-78-g75406f0b48 (webtiles) character file.

Game seed: 8846014614103537982

8 knot the Chopper (level 2, 23/24 HPs)
             Began as a Demonspawn Berserker on Jan 14, 2021.
             Was a Follower of Trog.
             Quit the game on level 1 of the Dungeon.
             The game lasted 00:00:14 (175 turns).

knot the Chopper (Demonspawn Berserker)              Turns: 175, Time: 00:00:14

Health: 23/24      AC:  2    Str: 17    XL:     2   Next: 0%
Magic:  2/2        EV: 12    Int:  8    God:    Trog [*.....]
Gold:   12         SH:  0    Dex: 12    Spells: 1/1 levels left

rFire    . . .     SeeInvis .   a - +0 hand axe
rCold    . . .     Faith    .   (no shield)
rNeg     . . .     Spirit   .   b - +0 animal skin
rPois    .         Reflect  .   (no helmet)
rElec    .         Harm     .   (no cloak)
rCorr    .         Rampage  .   (no gloves)
Will     .....                  (no boots)
Stlth    +.........             (no amulet)
HPRegen  0.08/turn              (no ring)
MPRegen  0.08/turn              (no ring)

@: no status effects
A: hooves 1
a: Renounce Religion, Berserk


You were on level 1 of the Dungeon.
You worshipped Trog.
Trog was aware of your devotion.
You visited 1 branch of the dungeon, and saw 1 of its levels.

You collected 12 gold pieces.

Inventory:

Hand Weapons
 a - a +0 hand axe (weapon)
Missiles
 c - 21 stones
Armour
 b - a +0 animal skin (worn)
Potions
 d - a potion of brilliance {unknown}


   Skills:
 - Level 3.0 Fighting
 + Level 3.2 Axes
 - Level 1.7 Armour
 - Level 1.7 Dodging


You had one spell level left.
You didn't know any spells.
Your spell library was empty.

Dungeon Overview and Level Annotations

Branches:
Dungeon (1/15)

Altars:


Innate Abilities, Weirdness & Mutations

You have large cloven feet.


Message History

c - 21 stones (gained 1)
You now have 12 gold pieces.
A hobgoblin comes into view.
A hobgoblin is nearby!
A kobold comes into view.
The kobold shouts!
You hear a shout!
There are monsters nearby!
A dart slug comes into view.
The hobgoblin hits you.
You closely miss the hobgoblin. The hobgoblin completely misses you.
You hit the hobgoblin.
The hobgoblin is moderately wounded.
The hobgoblin barely misses you. The hobgoblin closely misses you.
You slash the hobgoblin!
You kill the hobgoblin!
Trog accepts your kill.
You have reached level 2!
Your demonic ancestry asserts itself...
Your feet thicken and deform.
Are you sure you want to abandon this character and quit the game? (Confirm with "yes".)

##.............
#........#.#.#
#............#
#..........### .
##.....#..##
.########.....#..#####
......................
...######..†..#..######
.#.#####........@##
.......#...)†....K..w...
.#.##...#.......#######.
#.....†###....#.#
.#.##...#....##.#
#..###.....?..... #.##
####........# #.#
###.####.# #.## #.#


You could see a dart slug and a kobold.

Vanquished Creatures
  2 bats (D:1)
  A giant cockroach (D:1)
  A hobgoblin (D:1)
  A ball python (D:1)
  2 kobolds (D:1)
  A rat (D:1)
8 creatures vanquished.

Notes
Turn   | Place    | Note
-------+----------+-------------------------------------------
     0 | D:1      | knot the Demonspawn Berserker began the quest for the Orb.
     0 | D:1      | Reached XP level 1. HP: 18/18 MP: 1/1
    11 | D:1      | Noticed a vine stalker
    13 | D:1      | Noticed a draconian
    15 | D:1      | Noticed an elf
    15 | D:1      | Noticed a vampire
   175 | D:1      | Gained mutation: You have large cloven feet. [demonic
                  | ancestry]
   175 | D:1      | Reached XP level 2. HP: 23/24 MP: 2/2
   175 | D:1      | Quit the game

Illustrated notes

Levels and vault maps discovered:
D:1:      shiori_arrival_whats_in_store_for_you, layout_loops_ring,
          serial_forest, infiniplex_forest_lined_room_3,
          infiniplex_forest_clump_double, infiniplex_forest_corner_1,
          infiniplex_forest_clump_tiny, minmay_misc_feat_encased,
          minmay_misc_feat_alley

Skill      XL: |  1 |
---------------+----+-----
Axes           | 3 |  3.2
Fighting       | |  3.0
Armour         | |  1.7
Dodging        | |  1.7

Action                   || total
-------------------------++-------
Melee: Hand axe          ||    17
Armor: Animal skin       ||     4
Dodge: Dodged            ||    20

Table legend: (Time is in decaauts)
 A = Elapsed time spent in this place.
 B = Non-inter-level travel time spent in this place.
 C = Inter-level travel time spent in this place.
 D = Time resting spent in this place.
 E = Time spent auto-exploring this place.
 F = Levels seen in this place.
 G = Mean time per level.
                   A        B        C        D        E       F      G
               +--------+--------+--------+--------+--------+-----+--------+
         Total |    177 |    177 |      0 |      0 |    138 |   1 |  177.0 |
       Dungeon |    177 |    177 |      0 |      0 |    138 |   1 |  177.0 |
               +--------+--------+--------+--------+--------+-----+--------+

Top non-repeatable levels by time:
     D:1: 177 daAuts
